cohdb
Replays
Latest Replays
All Replays
Popular Replays
Top Player Replays
Match Explorer
How It Works
Community
CoH3 Stats
Reddit
Sign in to upload your games and track your stats! →
Sign in with Steam
Match 38749293
Unlisted
Match 38749293
Overview
Messages
Build Orders
End
Construct Weapon Support Center
Engineer Squad
Selects Advanced Infantry Battlegroup
Bazooka Squad
Construct Barracks
Riflemen Squad
Selects Artillery Observers
Selects Convert to Ranger Squad
Ranger Squad
Air Support Center
Mortar Pit
Scout Squad
Grasshopper Recon Run
Double Sortie
Air Supply
P-47 Strafing Run
P-47 Strafing Run
Selects Artillery Observers
Selects Frontline Medical Station
Frontline Medical Station
P-47 Strafing Run
Grasshopper Recon Run
Construct Motor Pool
M1 Anti-tank Gun Team
Improved M9 Bazooka Rockets
P-47 Strafing Run
Selects M2A1 105mm Howitzer Emplacement
Grasshopper Recon Run
Mortar Pit
Selects M2A1 105mm Howitzer Emplacement
P-47 Strafing Run
Grasshopper Recon Run
Jarl.Føbi©
[MF] YourTherapist
ShiningRay
Stalker Kulawy
Kenzilian
qinfuyin
高磊
Mael Radec
0
0
Comments
sign in to comment!
No comments posted yet!